 Dungeon Crawl Stone Soup version 0.29-a0-841-g116ddc6ace (webtiles) character file.

Game seed: 4602356817797187423

335 mathmaestro the Grave Robber (level 6, 42/47 HPs)
             Began as a Demonspawn Necromancer on July 15, 2022.
             Quit the game on level 4 of the Dungeon.
             The game lasted 00:11:31 (4296 turns).

mathmaestro the Grave Robber (DsNe)                 Turns: 4296, Time: 00:11:33

Health: 42/47      AC:  3    Str:  8    XL:     6   Next: 28%
Magic:  11/11      EV: 12    Int: 18    God:
Gold:   208        SH:  0    Dex: 14    Spells: 4/12 levels left

rFire   . . .      SeeInvis .   f - +1 hand axe (elec)
rCold   + . .      Faith    .   (no shield)
rNeg    . . .      Spirit   .   a - +0 robe
rPois   .          Reflect  .   (no helmet)
rElec   .          Harm     .   (no cloak)
rCorr   .          Rampage  .   (no gloves)
Will    .....                   (no boots)
Stlth   ++........              (no amulet)
HPRegen 0.15/turn               k - ring of flight
MPRegen 0.12/turn               p - ring of protection from cold

@: flying
A: spiny 1, sharp scales 1, demonic touch 1
a: no special abilities


You were on level 4 of the Dungeon.
You visited 1 branch of the dungeon, and saw 4 of its levels.

You collected 208 gold pieces.

Inventory:

Hand Weapons
 e - a +0 short sword
 f - a +1 hand axe of electrocution (weapon)
Missiles
 n - 6 javelins
Armour
 a - a +0 robe (worn)
 o - the +0 leather armour "Peal" {rPois Int-2 Dex+2 SInv}
   (You found it on level 3 of the Dungeon)

   Int:       It affects your intelligence (-2).
   Dex:       It affects your dexterity (+2).
   rPois:     It protects you from poison.
   SInv:      It lets you see invisible.
Magical Staves
 i - a staff of fire
Jewellery
 k - a ring of flight (left hand)
 p - a ring of protection from cold (right hand)
Scrolls
 c - a scroll of amnesia
 d - 2 scrolls of teleportation
 m - a scroll of noise {unknown}
 q - a scroll of fog {unknown}
Potions
 b - a potion of magic
 g - 2 potions of mutation
 h - 3 potions of curing
 j - 2 potions of berserk rage {unknown}
 l - a potion of might {unknown}


   Skills:
 + Level 3.0 Fighting
 - Level 2.0 Armour
 - Level 2.0 Dodging
 - Level 2.0 Stealth
 + Level 3.5 Spellcasting
 + Level 5.7 Necromancy


You had 4 spell levels left.
You knew the following spells:

 Your Spells              Type           Power      Damage    Failure   Level
a - Necrotise             Necr           92%        1d8       1%          1
b - Vampiric Draining     Necr           23%        2d7       4%          3
c - Animate Dead          Necr           23%        N/A       14%         4

Your spell library contained the following spells:

 Spells                   Type           Power      Damage    Failure   Level
 Agony                    Necr           23%        N/A       38%         5


Dungeon Overview and Level Annotations

Branches:
Dungeon (4/15)
 Temple: D:4-7

Altars:
Okawaru
Qazlal
Xom


Innate Abilities, Weirdness & Mutations

You are partially covered in sharp spines.
You are partially covered in razor-sharp scales. (AC +1, Slay +1)
Your touch may inflict minor irresistible damage on your foes.


Message History

Aiming: Necrotise (safe; 1% risk of failure)
Press: ? - help, Shift-Dir - straight line, f - ogre
Aim: an ogre, wielding a +0 giant club (chance to affect: 81%)
The ogre writhes in agony.
Casting: Necrotise (safe; 1% risk of failure)
Confirm with . or Enter, or press ? or * to list all spells.
Aiming: Necrotise (safe; 1% risk of failure)
Press: ? - help, Shift-Dir - straight line, f/p - ogre
Aim: an ogre, wielding a +0 giant club (lightly wounded, chance to affect: 81%)
The ogre writhes in agony.
Casting: Necrotise (safe; 1% risk of failure)
Confirm with . or Enter, or press ? or * to list all spells.
Aiming: Necrotise (safe; 1% risk of failure)
Press: ? - help, Shift-Dir - straight line, f/p - ogre
Aim: an ogre, wielding a +0 giant club (moderately wounded, chance to affect: 81%)
The ogre writhes in agony.
The ogre hits you with a +0 giant club!
Casting: Necrotise (safe; 1% risk of failure)
Confirm with . or Enter, or press ? or * to list all spells.
Aiming: Vampiric Draining (dangerous; 4% risk of failure)
Press: ? - help, Shift-Dir - straight line, f/p - ogre
Aim: an ogre, wielding a +0 giant club (moderately wounded)
You draw life force from the ogre.
You feel life coursing into your body. The ogre hits you with a +0 giant club!
Casting: Vampiric Draining (dangerous; 4% risk of failure)
Confirm with . or Enter, or press ? or * to list all spells.
Aiming: Vampiric Draining (dangerous; 4% risk of failure)
Press: ? - help, Shift-Dir - straight line, f/p - ogre
Aim: an ogre, wielding a +0 giant club (heavily wounded)
You draw life force from the ogre!
You feel life coursing into your body.
You hit the ogre but do no damage. Lightning courses through the ogre!
You kill the ogre!
Your Fighting skill increases to level 3!
You have reached level 6!
Your demonic ancestry asserts itself...
Sharp spines emerge from parts of your body.
Things that are here:
a +0 giant club; an ogre corpse You start resting.
Magic restored.
Are you sure you want to abandon this character and quit the game? (Confirm with "yes".)

............# ##
#......$....# ..##
.#........... #....
............#### ..#
>................#
.##..[##.............#
.....................#..
................@......#
...............#.......#
#.#............#.##..#..
#.# .##...##..##.##.##
..##.##...##.##.....
.....##..........)..
............#.......
......#.##..#.##....
......#†#...#.# ...


There were no monsters in sight!

Vanquished Creatures
  An ogre (D:4)
  The ghost of xian the Grasshopper, an amateur PaWr (D:3)
  A jelly (D:4)
  4 adders
  3 worms
  5 dart slugs
  An orc (D:4)
  5 endoplasms
  3 giant cockroaches (D:1)
  6 goblins
  4 hobgoblins
  9 jackals
  11 kobolds
  2 quokkas (D:1)
  8 ball pythons
  5 bats
  4 frilled lizards
  5 rats
78 creatures vanquished.

Vanquished Creatures (collateral kills)
  A dart slug (D:3)
  A frilled lizard (D:1)
2 creatures vanquished.

Grand Total: 80 creatures vanquished

Notes
Turn   | Place    | Note
-------+----------+-------------------------------------------
     0 | D:1      | mathmaestro the Demonspawn Necromancer began the quest for
                  | the Orb.
     0 | D:1      | Reached XP level 1. HP: 13/13 MP: 3/3
   256 | D:1      | Gained mutation: You are partially covered in razor-sharp
                  | scales. (AC +1, Slay +1) [demonic ancestry]
   256 | D:1      | Reached XP level 2. HP: 13/20 MP: 0/5
   601 | D:1      | Found a faded altar of an unknown god.
  1199 | D:1      | Reached skill level 1 in Fighting
  1361 | D:1      | Reached XP level 3. HP: 26/26 MP: 4/6
  1365 | D:1      | Learned a level 3 spell: Vampiric Draining
  1545 | D:1      | Reached skill level 1 in Armour
  1980 | D:2      | Found a stormy altar of Qazlal.
  2194 | D:2      | Gained mutation: Your touch may inflict minor irresistible
                  | damage on your foes. [demonic ancestry]
  2194 | D:2      | Reached XP level 4. HP: 32/32 MP: 4/7
  2521 | D:3      | Found a runed translucent door.
  2521 | D:3      | Noticed xian's ghost (amateur PaWr)
  2559 | D:3      | Identified the +0 leather armour "Peal" {rPois Int-2 Dex+2
                  | SInv}
  3025 | D:3      | Reached skill level 5 in Necromancy
  3151 | D:3      | Found a large runed translucent door.
  3151 | D:3      | Found a large runed translucent door.
  3158 | D:3      | Found a shimmering altar of Xom.
  3635 | D:3      | Killed xian's ghost
  3636 | D:3      | Reached XP level 5. HP: 26/39 MP: 9/9
  3855 | D:3      | Learned a level 4 spell: Animate Dead
  4151 | D:4      | Found an iron altar of Okawaru.
  4202 | D:4      | Noticed an ogre
  4209 | D:4      | Killed an ogre
  4210 | D:4      | Gained mutation: You are partially covered in sharp spines.
                  | [demonic ancestry]
  4210 | D:4      | Reached XP level 6. HP: 29/47 MP: 0/11
  4296 | D:4      | Quit the game

Illustrated notes

Levels and vault maps discovered:
D:1:      dpeg_arrival_prison, layout_loops_ring, basic_ecumenical_altar
D:2:      layout_rooms, basic_altar
D:3:      due_chaos_kobolds, layout_loops_corners, gammafunk_ghost_grave,
          minmay_misc_feat_hallway
D:4:      layout_cave_pools, mainiacjoe_overflow_small_starburst,
          mainiacjoe_overflow_24_doors, general_overflow_altar,
          kiku_gazebo_pond_becter, serial_shops, shop_fountains

Skill      XL: |  1  2  3  4  5 |
---------------+----------------+-----
Stealth        | 2 |  2.0
Dodging        | 2 |  2.0
Fighting       | 1 2 3 |  3.0
Armour         | 1 2 |  2.0
Necromancy     | 5 |  5.7
Spellcasting   | 3 |  3.5

Action                   |  1- 3 |  4- 6 || total
-------------------------+-------+-------++-------
Melee: Unarmed           |     7 |       ||     7
       Short sword       |     4 |       ||     4
       Hand axe          |    10 |    32 ||    42
       Touch             |       |     5 ||     5
 Cast: Necrotise         |    76 |    44 ||   120
       Vampiric Draining |       |     2 ||     2
  Use: Scroll            |       |     6 ||     6
 Stab: Sleeping          |       |     2 ||     2
Armor: Robe              |    15 |     8 ||    23
Dodge: Dodged            |    56 |    19 ||    75

Table legend: (Time is in decaauts)
 A = Elapsed time spent in this place.
 B = Non-inter-level travel time spent in this place.
 C = Inter-level travel time spent in this place.
 D = Time resting spent in this place.
 E = Time spent auto-exploring this place.
 F = Levels seen in this place.
 G = Mean time per level.
                   A        B        C        D        E       F      G
               +--------+--------+--------+--------+--------+-----+--------+
         Total |   4308 |   4191 |    117 |    819 |   2776 |   4 | 1077.0 |
       Dungeon |   4308 |   4191 |    117 |    819 |   2776 |   4 | 1077.0 |
               +--------+--------+--------+--------+--------+-----+--------+

Top non-repeatable levels by time:
     D:1: 1570 daAuts
     D:3: 1434 daAuts
     D:2: 858 daAuts
     D:4: 444 daAuts
